 Dungeon Crawl Stone Soup version 0.30.1-3-gfc49f6343a (webtiles) character file.

Game seed: 12702758250555492605

6 spardeous the Firebug (level 1, 0/14 HPs)
             Began as a Demigod Fire Elementalist on Aug 4, 2023.
             Slain by a jackal (2 damage)
             ... on level 1 of the Dungeon.
             The game lasted 00:01:01 (294 turns).

spardeous the Firebug (Demigod Fire Elementalist)    Turns: 294, Time: 00:01:01

Health: 0/14       AC:  2    Str:  9    XL:     1   Next: 60%
Magic:  3/5        EV: 12    Int: 17    God:
Gold:   16         SH:  0    Dex: 14    Spells: 2/3 levels left

rFire   . . .        (no weapon)
rCold   . . .        (no shield)
rNeg    . . .        a - +0 robe
rPois   .            (no helmet)
rElec   .            (no cloak)
rCorr   .            (no gloves)
SInv    .            (no boots)
Will    .....        (no amulet)
Stlth   ++           (no ring)
HPRegen 0.22/turn    (no ring)
MPRegen 0.09/turn

%: no passive effects
@: no status effects
A: high MP 1, forlorn, divine attributes
a: no special abilities


You were on level 1 of the Dungeon.
You visited 1 branch of the dungeon, and saw 1 of its levels.

You collected 16 gold pieces.

Inventory:

Armour
 a - a +0 robe (worn)
Potions
 b - a potion of magic


   Skills:
 - Level 1.7 Dodging
 - Level 1.7 Stealth
 - Level 1.7 Spellcasting
 - Level 0.8 Conjurations
 + Level 3.1 Fire Magic


You had 2 spell levels left.
You knew the following spells:

 Your Spells              Type           Power      Damage    Failure   Level
a - Foxfire               Conj/Fire      32%        2x1d5     9%          1

Your spell library contained the following spells:

 Spells                   Type           Power      Damage    Failure   Level
 Scorch                   Fire           24%        2d6       9%          2
 Inner Flame              Hex/Fire       6%         N/A       30%         3
 Volatile Blastmotes      Fire/Tloc      12%        2d11      30%         3
 Flame Wave               Conj/Fire      8%         2d5       65%         4


Dungeon Overview and Level Annotations

Branches:
Dungeon (1/15)


Innate Abilities, Weirdness & Mutations

You have an increased reservoir of magic. (+10% MP)
You shall have no god before yourself.
Your divine heritage dramatically boosts your attributes as you level up.


Message History

You barely miss the jackal. The jackal barely misses you. x2
You closely miss the jackal.
The jackal is severely wounded.
The jackal bites you. The jackal barely misses you.
You take 3 damage, and have 8/14 hp.
MASSIVE DAMAGE!!
You closely miss the jackal.
The jackal is severely wounded.
The jackal closely misses you.
The jackal bites you but does no damage.
The jackal barely misses you. The jackal bites you.
* * * LOW HITPOINT WARNING * * *
You take 3 damage, and have 5/14 hp.
MASSIVE DAMAGE!!
You closely miss the jackal.
The jackal is severely wounded.
The jackal closely misses you. The jackal barely misses you.
You closely miss the jackal.
The jackal is severely wounded.
The jackal bites you but does no damage.
The jackal bites you.
* * * LOW HITPOINT WARNING * * *
The jackal barely misses you. The jackal closely misses you.
You closely miss the jackal.
The jackal is severely wounded.
The jackal closely misses you. x2
You completely miss the jackal. Your punch misses the jackal.
The jackal is severely wounded.
The jackal closely misses you. The jackal barely misses you.
You hit the jackal but do no damage.
The jackal is severely wounded.
The jackal bites you.
* * * LOW HITPOINT WARNING * * *
The jackal bites you.
* * * LOW HITPOINT WARNING * * *
The jackal bites you but does no damage.
The jackal barely misses you.
You take 3 damage, and have 2/14 hp.
MASSIVE DAMAGE!!
You hit the jackal but do no damage.
The jackal is severely wounded.
The jackal bites you.
You die...

##...## #..
##.....# #.#
#......# #.#
#......# ...
#>#...## #.#
#.##.## #.#
####.##.## #.#
.........#######h#
.....##........h@#
.###.###.#########
.....# #.# ####.#
#.# # #.# #.#
####.###.#
.........#
####..##.#
...#..##.#


You could see 2 jackals.

Vanquished Creatures
  A dart slug (D:1)
  An endoplasm (D:1)
  A jackal (D:1)
  A bat (D:1)
4 creatures vanquished.

Vanquished Creatures (others)
  21 foxfires (D:1)
21 creatures vanquished.

Grand Total: 25 creatures vanquished

Notes
Turn   | Place    | Note
-------+----------+-------------------------------------------
     0 | D:1      | spardeous the Demigod Fire Elementalist began the quest for
                  | the Orb.
     0 | D:1      | Reached XP level 1. HP: 14/14 MP: 5/5
    14 | D:1      | Noticed a ghoul
    14 | D:1      | Noticed an elf
    16 | D:1      | Noticed a tengu
    16 | D:1      | Noticed a troll
    18 | D:1      | Noticed a vine stalker
    18 | D:1      | Noticed a demigod
    20 | D:1      | Noticed an armataur
    20 | D:1      | Noticed a draconian
    22 | D:1      | Noticed a vampire
    22 | D:1      | Noticed a demonspawn
    24 | D:1      | Noticed a naga
    24 | D:1      | Noticed a gargoyle
    26 | D:1      | Noticed a meteoran
    26 | D:1      | Noticed a merfolk
    28 | D:1      | Noticed a spriggan
    28 | D:1      | Noticed an octopode
    30 | D:1      | Noticed a formicid
    32 | D:1      | Noticed a human
    34 | D:1      | Noticed an ogre
    36 | D:1      | Noticed a minotaur
    36 | D:1      | Noticed a naga
    38 | D:1      | Noticed a merfolk
    38 | D:1      | Noticed a demonspawn
   127 | D:1      | Reached skill level 3 in Fire Magic
   294 | D:1      | Slain by a jackal

Illustrated notes

Levels and vault maps discovered:
D:1:      kb_arrival_jail, layout_loops_ring, nrook_uturn

Skill      XL: |  1 |
---------------+----+-----
Fire Magic     | 3 |  3.1
Dodging        | |  1.7
Stealth        | |  1.7
Spellcasting   | |  1.7
Conjurations   | |  0.8

Action                     || total
---------------------------++-------
  Melee: Unarmed           ||    11
   Cast: Foxfire           ||    17
 Armour: Robe              ||     9
  Dodge: Dodged            ||    37
